 Dungeon Crawl Stone Soup version 0.28-a0-643-g84cb2ea78e (webtiles) character file.

Game seed: 10003273318074416600

182 Sabo the Shield-Bearer (level 5, -4/42 HPs)
             Began as a Formicid Fighter on Oct 10, 2021.
             Was a Follower of Uskayaw.
             Slain by a scorpion (6 damage)
             ... on level 4 of the Dungeon.
             The game lasted 00:21:36 (3937 turns).

Sabo the Shield-Bearer (Formicid Fighter)           Turns: 3937, Time: 00:21:38

Health: -4/42      AC: 13    Str: 21    XL:     5   Next: 93%
Magic:  2/5        EV:  8    Int:  7    God:    Uskayaw [*.....]
Gold:   64         SH:  5    Dex: 11    Spells: 4/4 levels left

rFire   . . .      SeeInvis +   a - +0 quarterstaff
rCold   + . .      Faith    .   c - +0 buckler
rNeg    . . .      Spirit   .   t - +0 chain mail
rPois   .          Reflect  .   (helmet unavailable)
rElec   .          Harm     .   m - +0 cloak
rCorr   .          Rampage  .   e - +2 pair of gloves
Will    .....                   (no boots)
Stlth   ..........              (no amulet)
HPRegen 0.14/turn               p - ring of protection from cold
MPRegen 0.09/turn               (no ring)

@: lethally poisoned (-4 -> -23)
A: permanent stasis, dig shafts and tunnels, antennae 3, four strong arms
a: Dig, Shaft Self, Renounce Religion, Stomp


You were on level 4 of the Dungeon.
You worshipped Uskayaw.
Uskayaw was noncommittal.
You visited 1 branch of the dungeon, and saw 4 of its levels.

You collected 64 gold pieces.

Inventory:

Hand Weapons
 a - a +0 quarterstaff (weapon)
 f - a +0 whip of venom
Missiles
 b - 18 bolts
 i - 4 silver javelins (quivered)
 l - 22 arrows
 r - 2 poisoned darts
Armour
 c - a +0 buckler (worn)
 e - a +2 pair of gloves (worn)
 m - a +0 cloak (worn)
 t - a +0 chain mail (worn)
Jewellery
 p - a ring of protection from cold (left hand)
Scrolls
 h - a scroll of enchant weapon
 k - a scroll of fear {unknown}
 n - a scroll of vulnerability {unknown}
 o - a scroll of blinking {unknown}
 q - a scroll of torment {unknown}
Potions
 d - a potion of might
 g - 2 potions of lignification {unknown}
 j - 2 potions of curing
 s - a potion of brilliance {unknown}


   Skills:
 + Level 4.2 Fighting
 + Level 3.3 Staves
 + Level 4.2 Armour
 + Level 1.4 Dodging
 + Level 0.3 Stealth
 + Level 4.4 Shields


You had 4 spell levels left.
You didn't know any spells.
Your spell library contained the following spells:

 Spells                   Type           Power      Damage    Failure   Level
 Summon Small Mammal      Summ           0%         N/A       99%         1


Dungeon Overview and Level Annotations

Branches:
Dungeon (4/15)
 Temple: D:4-7

Altars:
Hepliaklqana
Makhleb
Uskayaw
Xom
Zin

Shops:
D:3 *


Innate Abilities, Weirdness & Mutations

You cannot be hasted, slowed, berserked, paralysed or teleported.
You can dig through walls and to a lower floor.
You have a pair of large antennae on your head. (SInv)
Your four strong arms can wield two-handed weapons with a shield.


Message History

The scorpion is heavily wounded.
You block the scorpion's attack.
You completely miss the scorpion.
The scorpion is heavily wounded.
You block the scorpion's attack.
You closely miss the scorpion.
The scorpion is heavily wounded.
The scorpion stings you.
You are poisoned.
The scorpion poisons you! You block the scorpion's attack.
You barely miss the scorpion.
The scorpion is heavily wounded.
You feel very sick.
The scorpion stings you but does no damage.
You hit the scorpion.
The scorpion is heavily wounded.
You feel very sick. The scorpion stings you.
You are more poisoned.
The scorpion poisons you!
You barely miss the scorpion.
The scorpion is heavily wounded.
You feel very sick. You block the scorpion's attack.
The scorpion stings you but does no damage.
You hit the scorpion.
The scorpion is severely wounded.
You feel very sick. The scorpion stings you!
* * * LOW HITPOINT WARNING * * *
You are more poisoned.
The scorpion poisons you!
You can now pass through a line of other dancers.
You stomp with the beat, sending a shockwave through the revellers around you!
The scorpion is almost dead.
You can no longer pass through a line of other dancers.
* * * LOW HITPOINT WARNING * * *
You feel very sick. The scorpion stings you.
You die...

............
...........
#.....>....
#..........
#........
#####......
.......s.# #
# #..@.#.# #
#......# #
###.#.## ###
#.#... ##..
#.#..###.#
#...
#)#..#....
#...
#.#..#...
#...
#.#..#...
#...
#.#..#..###
#...


You could see a scorpion.

Vanquished Creatures
  A hound (D:3)
  4 gnolls
  2 adders (D:4)
  A worm (D:2)
  9 orcs (D:3)
  6 endoplasms
  2 giant cockroaches
  7 goblins
  7 hobgoblins
  4 quokkas
  6 ball pythons
  14 bats
  8 frilled lizards
  7 kobolds
  5 rats
83 creatures vanquished.

Vanquished Creatures (others)
  A fungus (D:1)
  4 plants (D:2)
5 creatures vanquished.

Grand Total: 88 creatures vanquished

Notes
Turn   | Place    | Note
-------+----------+-------------------------------------------
     0 | D:1      | Sabo the Formicid Fighter began the quest for the Orb.
     0 | D:1      | Reached XP level 1. HP: 18/18 MP: 1/1
   359 | D:1      | Reached XP level 2. HP: 23/24 MP: 2/2
   524 | D:1      | Found a faded altar of an unknown god.
   554 | D:1      | Got Plato's Grimoire of Summoning
   557 | D:1      | Prayed at the altar of an unknown god.
   557 | D:1      | Became a worshipper of Uskayaw the Reveller
   557 | D:1      | Reached * piety under Uskayaw
   854 | D:1      | Reached XP level 3. HP: 30/30 MP: 3/3
   859 | D:1      | Reached ** piety under Uskayaw
   863 | D:1      | Reached *** piety under Uskayaw
  1968 | D:2      | Reached XP level 4. HP: 27/37 MP: 4/4
  2277 | D:3      | Reached skill level 1 in Dodging
  2576 | D:3      | Found a burning altar of Makhleb.
  2602 | D:3      | Found Ticsepur's Assorted Antiques.
  2709 | D:3      | Found a shimmering altar of Xom.
  2711 | D:3      | Found a hazy altar of Hepliaklqana.
  2712 | D:3      | Noticed a spectral ugly thing
  2828 | D:3      | Reached XP level 5. HP: 42/42 MP: 5/5
  3835 | D:4      | Found a glowing silver altar of Zin.
  3937 | D:4      | HP: 2/42 [poisoned by a scorpion]
  3937 | D:4      | Slain by a scorpion

Illustrated notes

Levels and vault maps discovered:
D:1:      elethiomel_arrival_quiet, layout_basic,
          shapermc_ecumenical_altar_rom_forum, minivault_25
D:2:      layout_basic, serial_forest, infiniplex_forest_fountain,
          infiniplex_forest_straight_4, infiniplex_forest_clump_medium,
          infiniplex_forest_clump_small, infiniplex_forest_lined_2,
          infiniplex_forest_side_room, infiniplex_forest_clump_long
D:3:      layout_loops_cross, regret_index_temple_of_mockery,
          nicolae_overflow_crystal_walls, serial_shops, nicolae_shop_crystal,
          roderic_batcave, wad_orctagon
D:4:      layout_basic, nicolae_gozag_cash_rules_everything_around_me,
          mainiacjoe_overflow_24_doors, kennysheep_mini

Skill      XL: |  1  2  3  4  5 |
---------------+----------------+-----
Shields        | 4 |  4.4
Dodging        | 1 |  1.4
Armour         | 4 |  4.2
Fighting       | 4 |  4.2
Staves         | 3 |  3.3
Stealth        | |  0.3

Action                   |  1- 3 |  4- 6 || total
-------------------------+-------+-------++-------
Melee: Quarterstaff      |   131 |   194 ||   325
Throw: Javelin           |     1 |       ||     1
Invok: Stomp             |     1 |     4 ||     5
 Abil: Dig               |     7 |     3 ||    10
  Use: Scroll            |       |     4 ||     4
 Stab: Paralysed         |       |     1 ||     1
Armor: Scale mail        |    44 |    32 ||    76
       Chain mail        |       |   107 ||   107
Dodge: Dodged            |    37 |    93 ||   130
Block: Buckler           |    16 |    65 ||    81

Table legend: (Time is in decaauts)
 A = Elapsed time spent in this place.
 B = Non-inter-level travel time spent in this place.
 C = Inter-level travel time spent in this place.
 D = Time resting spent in this place.
 E = Time spent auto-exploring this place.
 F = Levels seen in this place.
 G = Mean time per level.
                   A        B        C        D        E       F      G
               +--------+--------+--------+--------+--------+-----+--------+
         Total |   3999 |   3999 |      0 |    859 |      0 |   4 |  999.8 |
       Dungeon |   3999 |   3999 |      0 |    859 |      0 |   4 |  999.8 |
               +--------+--------+--------+--------+--------+-----+--------+

Top non-repeatable levels by time:
     D:3: 1466 daAuts
     D:1: 1390 daAuts
     D:2: 874 daAuts
     D:4: 268 daAuts
